 Dungeon Crawl Stone Soup version 0.29.1-12-g30fa7ad0bf (webtiles) character file.

Game seed: 6142686382473389792

3154 hawla the Frost Mage (level 10, -1/68 (74) HPs)
             Began as a Meteoran Ice Elementalist on Dec 25, 2022.
             Slain by a wyvern zombie (14 damage)
             ... on level 8 of the Dungeon.
             The game lasted 00:18:21 (3683 turns).

hawla the Frost Mage (Meteoran Ice Elementalist)    Turns: 3683, Time: 00:18:21

HP:   -1/68 (74)    AC:  4    Str: 11    XL:     10   Next: 37%
MP:   16/23         EV: 14    Int: 20    God:
Gold: 220           SH:  0    Dex: 15    Spells: 13/26 levels left

rFire   . . .      SeeInvis .   i - staff of cold
rCold   + . .      Faith    .   (no shield)
rNeg    . . .      Spirit   .   r - +0 robe {Will+}
rPois   .          Reflect  .   (no helmet)
rElec   .          Harm     .   (no cloak)
rCorr   .          Rampage  .   d - +0 pair of gloves
Will    ++...                   e - +0 pair of boots
Stlth   +.........              (no amulet)
HPRegen 0.21/turn               (no ring)
MPRegen 0.18/turn               (no ring)

@: glowing, drained
A: sense surroundings 2, otherworldly, glowing, explore regen
a: no special abilities


You were on level 8 of the Dungeon.
You visited 2 branches of the dungeon, and saw 9 of its levels.

You collected 220 gold pieces.

Inventory:

Armour
 d - a +0 pair of gloves (worn)
 e - a +0 pair of boots (worn)
 r - a +0 robe of willpower (worn)
Magical Staves
 i - a staff of cold (weapon)
Jewellery
 o - a ring of fire
Wands
 a - a wand of charming (7)
 s - a wand of iceblast (12)
Scrolls
 b - a scroll of vulnerability
 h - a scroll of fear
 l - 2 scrolls of poison {unknown}
 m - a scroll of teleportation
 q - 2 scrolls of summoning {unknown}
Potions
 c - a potion of resistance
 j - a potion of cancellation
 k - a potion of mutation
 p - a potion of invisibility


   Skills:
 - Level 2.6 Fighting
 - Level 3.7 Staves
 - Level 4.4 Dodging
 - Level 1.4 Stealth
 - Level 8.7 Spellcasting
 - Level 7.3 Conjurations
 + Level 3.7 Fire Magic
 - Level 9.1 Ice Magic
 - Level 2.0 Evocations


You had 13 spell levels left.
You knew the following spells:

 Your Spells              Type           Power      Damage    Failure   Level
a - Freeze                Ice            100%       1d11      1%          1
b - Frozen Ramparts       Ice            100%       1d16      1%          3
c - Hailstorm             Conj/Ice       58%        3d13      2%          4
d - Fireball              Conj/Fire      15%        3d8       22%         5

Your spell library contained the following spells:

 Spells                   Type           Power      Damage    Failure   Level
 Ozocubu's Armour         Ice            61%        N/A       1%          3
 Starburst                Conj/Fire      15%        6d6       77%         6
 Ignition                 Fire           11%        3d5       100%        8


Dungeon Overview and Level Annotations

Branches:
Dungeon (8/15) Zot: 1255   Temple (1/1) D:6 Zot: 447
   Lair: D:8-11

Altars:
Dithmenos
Elyvilon
Fedhas
Gozag
Hepliaklqana
Kikubaaqudgha
Okawaru
Qazlal
Ru
Sif Muna
Trog
Uskayaw
Wu Jian
Xom
Zin
The Shining One

Shops:
D:2 ::


Innate Abilities, Weirdness & Mutations

You passively map the area around you.
You are easily found by Zot.
You glow in the dark.
You regain HP and MP as you explore.


Message History

Casting: Frozen Ramparts (safe; 1% risk of failure)
Confirm with . or Enter, or press ? or * to list all spells.
Aiming: Freeze (safe; 1% risk of failure)
Press: ? - help, Shift-Dir - straight line, f - wyvern zombie
Aim: a wyvern zombie (almost destroyed)
You feel a surge of power!
You freeze the wyvern zombie.
The wyvern zombie resists.
The wyvern zombie is almost destroyed.
The wyvern zombie barely misses you. The wyvern zombie bites you!
* * * LOW HITPOINT WARNING * * *
Casting: Freeze (safe; 1% risk of failure)
Confirm with . or Enter, or press ? or * to list all spells.
Aiming: Freeze (safe; 1% risk of failure)
Press: ? - help, Shift-Dir - straight line, f/p - wyvern zombie
Aim: a wyvern zombie (almost destroyed)
You feel a surge of power!
You freeze the wyvern zombie but do no damage.
The wyvern zombie completely resists.
The wyvern zombie barely misses you.
Unknown command.
You feel better. The wyvern zombie misses you.
Casting: Freeze (safe; 1% risk of failure)
Confirm with . or Enter, or press ? or * to list all spells.
Aiming: Freeze (safe; 1% risk of failure)
Press: ? - help, Shift-Dir - straight line, f/p - wyvern zombie
Aim: a wyvern zombie (almost destroyed)
You feel a surge of power!
You freeze the wyvern zombie but do no damage.
The wyvern zombie completely resists.
The wyvern zombie closely misses you. The wyvern zombie bites you!
* * * LOW HITPOINT WARNING * * *
Casting: Freeze (safe; 1% risk of failure)
Confirm with . or Enter, or press ? or * to list all spells.
Aiming: Freeze (safe; 1% risk of failure)
Press: ? - help, Shift-Dir - straight line, f/p - wyvern zombie
Aim: a wyvern zombie (almost destroyed)
You feel a surge of power!
You freeze the wyvern zombie.
The wyvern zombie resists.
The wyvern zombie is almost destroyed.
The wyvern zombie bites you!
You die...

######* ####.....,**
#....♣ , #@##.*,, *
#Z#♣.,♣♣♣!♣ * ,* *
#.#).♣....♣,, , #.#♣♣.♣
.♣ * #...# ##.#.Z♣♣ .
#...# #...♣♣.♣ .♣♣ ** ,
#...# ###.##.♣♣.♣.. ,,
#...######...#...♣♣.♣ *
,
#............<.....♣.♣**
*


You could see a wyvern zombie.

Vanquished Creatures
  A troll (D:8)
  A hornet (D:4)
  4 yaks (D:7)
  2 water moccasins
  2 orc warriors
  3 sky beasts
  2 centaurs
  2 bullfrogs
  2 scorpions
  5 wights (D:8)
  A howler monkey (D:5)
  2 centaur zombies (D:8)
  4 orc priests
  7 hounds
  2 jellies
  A gnoll bouda (D:7)
  3 iguanas
  3 orc wizards
  A killer bee zombie (D:8)
  5 gnolls (D:7)
  An adder (D:5)
  2 shadow imps (D:7)
  3 white imps
  An ufetubus (D:5)
  A worm (D:3)
  A dart slug (D:5)
  16 orcs
  2 bats
  2 endoplasms
  A goblin (D:4)
  2 hobgoblins
  3 kobolds
  2 quokkas (D:4)
  3 ball pythons
  4 rats
97 creatures vanquished.

Notes
Turn   | Place    | Note
-------+----------+-------------------------------------------
     0 | D:1      | hawla the Meteoran Ice Elementalist began the quest for the
                  | Orb.
     0 | D:1      | Reached XP level 1. HP: 14/14 MP: 5/5
   138 | D:2      | Found Xoqetudus's Book Emporium.
   161 | D:2      | Reached XP level 2. HP: 19/20 MP: 3/6
   173 | D:2      | Found Xeacsacu's Book Emporium.
   260 | D:3      | Found an ornate altar of the Wu Jian Council.
   317 | D:4      | Found a hide-covered altar of Uskayaw.
   374 | D:5      | Entered Level 5 of the Dungeon
   407 | D:4      | Found a bloodstained altar of Trog.
   411 | D:4      | Reached skill level 5 in Ice Magic
   411 | D:4      | Reached XP level 3. HP: 26/26 MP: 6/8
   415 | D:4      | Learned a level 3 spell: Frozen Ramparts
   443 | D:4      | Noticed a hornet
   459 | D:5      | Reached XP level 4. HP: 33/33 MP: 0/9
   505 | D:5      | Noticed a scorpion
   522 | D:5      | Killed a scorpion
   523 | D:5      | Reached skill level 6 in Ice Magic
   523 | D:5      | Reached XP level 5. HP: 7/38 MP: 6/11
   676 | D:5      | Reached XP level 6. HP: 45/45 MP: 7/13
  1160 | D:5      | Found an opulent altar of Gozag.
  1196 | D:6      | Learned a level 4 spell: Hailstorm
  1218 | D:6      | Reached skill level 1 in Conjurations
  1221 | D:6      | Noticed a centaur
  1231 | D:6      | Killed a centaur
  1232 | D:6      | Reached XP level 7. HP: 29/51 MP: 10/15
  1314 | D:6      | Noticed a water moccasin
  1317 | D:6      | Killed a water moccasin
  1318 | D:6      | Reached skill level 5 in Conjurations
  1318 | D:6      | Reached XP level 8. HP: 58/58 MP: 8/16
  1350 | D:6      | Found an iron altar of Okawaru.
  1638 | D:6      | Found a staircase to the Ecumenical Temple.
  1644 | Temple   | Entered the Ecumenical Temple
  2006 | D:4      | Paralysed by a hornet for 2 turns
  2008 | D:4      | Killed a hornet
  2009 | D:4      | Reached skill level 1 in Fighting
  2009 | D:4      | Reached skill level 1 in Staves
  2009 | D:4      | Reached skill level 5 in Spellcasting
  2009 | D:4      | Reached skill level 7 in Ice Magic
  2558 | D:7      | Gained mutation: You passively map the area around you.
                  | [Meteoran growth]
  2558 | D:7      | Reached XP level 9. HP: 60/64 MP: 13/18
  2787 | D:7      | Reached skill level 8 in Ice Magic
  2912 | D:7      | Found a glowing golden altar of the Shining One.
  3191 | D:7      | Reached XP level 10. HP: 49/73 MP: 20/23
  3343 | D:7      | Identified the +0 leather armour "Wyoloyk" {rF- Str+2
                  | Int+3}
  3545 | D:8      | Reached skill level 9 in Ice Magic
  3565 | D:8      | Learned a level 5 spell: Fireball
  3600 | D:8      | Reached skill level 1 in Fire Magic
  3683 | D:8      | Slain by a wyvern zombie

Illustrated notes

Levels and vault maps discovered:
D:1:      kilobyte_arrival_exit_the_forest, layout_loops_ring,
          shapermc_ecumenical_altar_hornbeckon, minmay_worlds_worst_comb
D:2:      layout_basic, basic_altar, serial_shops, shop_statue,
          nicolae_shop_statue_plus, nicolae_diamond_shop, shop,
          nicolae_shop_advertising_works [nicolae_subvault_shop_adworks],
          kennysheep_generic_room_12, uniq_crazy_yiuf_cottage
D:3:      layout_basic, mainiacjoe_overflow_paths
D:4:      layout_loops_ring, trog_butcher_becter, lemuel_crystal_altar
D:5:      layout_gridville, lemuel_tele_altar, minmay_misc_feat_ornament
D:6:      layout_layer_cave, okawaru_metal_pillars_1_2,
          makhleb_altar_promises_db, minmay_temple_entry_nine_rooms
D:7:      layout_layer_cave, mainiacjoe_overflow_surrounded_room
D:8:      layout_rooms, nicolae_yredelemnul_corpse_copse
Temple:   hellmonk_temple_flake

Skill      XL: |  1  2  3  4  5  6  7  8  9 10 |
---------------+-------------------------------+-----
Spellcasting   | 3 4 5 8 |  8.7
Ice Magic      | 5 6 7 8 9 |  9.1
Dodging        | 3 4 |  4.4
Conjurations   | 3 5 6 7 |  7.3
Fighting       | 1 2 |  2.6
Staves         | 1 2 3 |  3.7
Evocations     | 2 |  2.0
Fire Magic     | 3 |  3.7
Stealth        | |  1.4

Action                   |  1- 3 |  4- 6 |  7- 9 | 10-12 || total
-------------------------+-------+-------+-------+-------++-------
Melee: Unarmed           |     1 |    13 |       |       ||    14
       Staff             |       |       |    59 |    48 ||   107
       Punch             |       |       |     2 |       ||     2
 Cast: Freeze            |    26 |    19 |    12 |    11 ||    68
       Frozen Ramparts   |     1 |     9 |    15 |     7 ||    32
       Hailstorm         |       |       |    24 |    10 ||    34
       Fireball          |       |       |       |     1 ||     1
  Use: Scroll            |     4 |     2 |     3 |     3 ||    12
       Potion            |       |     2 |     1 |     3 ||     6
Armor: Robe              |     4 |     8 |    19 |    31 ||    62
       Skin              |       |     9 |       |       ||     9
Dodge: Dodged            |    10 |    20 |    43 |    60 ||   133
